 Dungeon Crawl Stone Soup version 0.30-a0-996-ga6910c8ee8 (webtiles) character file.

Game seed: 7828554931123181066

364 vineage the Trooper (level 6, 0/44 HPs)
             Began as a Gargoyle Fighter on Apr 4, 2023.
             Slain by an ogre
             ... wielding a +0 giant club
              (13 damage)
             ... on level 5 of the Dungeon.
             The game lasted 00:03:38 (4103 turns).

vineage the Trooper (Gargoyle Fighter)              Turns: 4103, Time: 00:03:39

Health: 0/44       AC: 19    Str: 21    XL:     6   Next: 67%
Magic:  6/6        EV:  9    Int:  9    God:
Gold:   183        SH:  4    Dex:  9    Spells: 5/5 levels left

rFire   . . .      SeeInvis .    a - +0 flail (protect)
rCold   . . .      Faith    .    c - +0 buckler
rNeg    + . .      Spirit   .    b - +0 scale mail
rPois   ∞          Reflect  .    l - +1 hat
rElec   +          Rampage  .    (no cloak)
rCorr   +                        (no gloves)
Will    .....                    (no boots) Stlth
                                 (no amulet)
HPRegen 0.27/turn                h - ring of resist corrosion
MPRegen 0.10/turn                (no ring)

@: under a protective aura
A: sickness immunity, AC +4, negative energy resistance 1, electricity
resistance, torment resistance 1, petrification resistance
a: no special abilities


You were on level 5 of the Dungeon.
You visited 2 branches of the dungeon, and saw 6 of its levels.

You collected 183 gold pieces.

Inventory:

Hand Weapons
 a - a +0 flail of protection (weapon)
 n - a +0 mace of holy wrath
Armour
 b - a +0 scale mail (worn)
 c - a +0 buckler (worn)
 l - a +1 hat (worn)
Jewellery
 h - a ring of resist corrosion (left hand)
Scrolls
 d - a scroll of blinking {unknown}
 f - 4 scrolls of fear
 o - a scroll of identify
Potions
 g - a potion of cancellation
 i - a potion of brilliance
 j - 3 potions of attraction
 k - 2 potions of heal wounds
 m - a potion of curing
 p - a potion of berserk rage


   Skills:
 + Level 7.5 Fighting
 + Level 2.4 Maces & Flails
 + Level 3.6 Armour
 + Level 3.6 Shields


You had 5 spell levels left.
You didn't know any spells.
Your spell library contained the following spells:

 Spells                   Type           Power      Damage    Failure   Level
 Apportation              Tloc           0%         N/A       82%         1
 Necrotise                Necr           0%         1d4       82%         1
 Summon Small Mammal      Summ           0%         N/A       82%         1


Dungeon Overview and Level Annotations

Branches:
Dungeon (5/15)             Temple (1/1) D:4

Altars:
Ashenzari
Cheibriados
Dithmenos
Elyvilon
Gozag
Hepliaklqana
Kikubaaqudgha
Makhleb
Qazlal
Ru
Sif Muna
Trog
Uskayaw
Vehumet
Xom
Yredelemnul
Zin
The Shining One

Shops:
D:3 [


Innate Abilities, Weirdness & Mutations

You are immune to sickness and miasma.
Your stone body is resilient. (AC +4)
You are immune to poison.
You resist negative energy. (rN+)
You are resistant to electric shocks. (rElec)
You are resistant to unholy torment.
You are immune to petrification.


Message History

You block the ogre's attack.
You hit the ogre but do no damage.
The ogre is moderately wounded.
The dart slug launches a dart at you. You block the slug dart.
The ogre hits you with a +0 giant club!
You are too injured to fight recklessly!
You are too injured to fight recklessly!
You are too injured to fight recklessly!
You are too injured to fight recklessly!
You are too injured to fight recklessly!
You are too injured to fight recklessly!
You are too injured to fight recklessly!
You are too injured to fight recklessly!
You are too injured to fight recklessly!
You are too injured to fight recklessly!
You are too injured to fight recklessly!
You are too injured to fight recklessly!
You are too injured to fight recklessly!
The dart slug launches a dart at you.
The slug dart hits you but does no damage.
You barely miss the ogre.
The ogre is moderately wounded.
The ogre hits you with a +0 giant club.
You barely miss the ogre.
The ogre is moderately wounded.
You block the ogre's attack.
You sock the ogre!
Your weapon exudes an aura of protection.
The ogre is heavily wounded.
The ogre hits you with a +0 giant club.
* * * LOW HITPOINT WARNING * * *
You barely miss the ogre.
The ogre is heavily wounded.
You hit the ogre.
The ogre is severely wounded.
The ogre barely misses you.
You hit the ogre.
The ogre is almost dead.
The ogre hits you with a +0 giant club!
You die...

!.. .. #.# ##.. #.#
#.. #.# #.. #.# #.#
#.# #w# ##.###O# #
#..##@#.# .
#....###...# #.#
#.###.#.###...######.#
#.# #.# #.....<.....
#.# #.# #...####.#.#
#.# #.# ## #.#.#
#.####.# #.#.#
#......# # ###....
####.#.#####.###......


You could see an ogre and a dart slug.

Vanquished Creatures
  A scorpion (D:5)
  A hound (D:4)
  A jelly (D:4)
  2 iguanas (D:4)
  Natasha (D:4)
  A sleepcap (D:4)
  An orc wizard (D:3)
  3 adders
  3 gnolls (D:2)
  An ufetubus (D:4)
  3 dart slugs
  4 orcs
  3 ball pythons
  2 endoplasms (D:1)
  4 giant cockroaches
  7 goblins
  6 hobgoblins
  5 kobolds
  A quokka (D:1)
  2 bats
  2 frilled lizards (D:1)
  3 rats
57 creatures vanquished.

Notes
Turn   | Place    | Note
-------+----------+-------------------------------------------
     0 | D:1      | vineage the Gargoyle Fighter began the quest for the Orb.
     0 | D:1      | Reached XP level 1. HP: 14/14 MP: 1/1
   165 | D:1      | Reached XP level 2. HP: 20/20 MP: 2/2
   174 | D:1      | Reached skill level 4 in Fighting
   887 | D:2      | Reached XP level 3. HP: 24/24 MP: 3/3
  1305 | D:2      | Reached skill level 5 in Fighting
  1313 | D:2      | Reached XP level 4. HP: 12/31 MP: 4/4
  2218 | D:3      | Found Gaazipn's Antique Armour Shoppe.
  2289 | D:3      | Found a glowing golden altar of the Shining One.
  2381 | D:3      | Reached skill level 6 in Fighting
  2477 | D:3      | Reached XP level 5. HP: 36/36 MP: 5/5
  2493 | D:3      | Found a hide-covered altar of Uskayaw.
  2985 | D:4      | Found a staircase to the Ecumenical Temple.
  3000 | Temple   | Entered the Ecumenical Temple
  3213 | D:4      | Reached skill level 7 in Fighting
  3563 | D:4      | Noticed Natasha
  3578 | D:4      | HP: 1/38 [Natasha/magic dart (9)]
  3582 | D:4      | Killed Natasha
  3583 | D:4      | Reached XP level 6. HP: 8/44 MP: 6/6
  4008 | D:5      | Entered Level 5 of the Dungeon
  4103 | D:5      | Slain by an ogre

Illustrated notes

Levels and vault maps discovered:
D:1:      dpeg_arrival_court, layout_loops_ring, minmay_misc_feat_nine_boxes,
          chequers_arboretum, minmay_hexomino_f4
D:2:      layout_basic
D:3:      layout_basic, nicolae_tso_carved_into_rock,
          mainiacjoe_overflow_alcove_2, serial_shops, shop_statue
D:4:      layout_cave_pods, temple_doors_cd, uniq_natasha
D:5:      layout_loops_ring, nicolae_overflow_hidden_temple
Temple:   regret_index_temple_sphere_string

Skill      XL: |  1  2  3  4  5 |
---------------+----------------+-----
Fighting       | 4 5 6 7 |  7.5
Maces & Flails | |  2.4
Armour         | |  3.6
Shields        | |  3.6

Action                     |  1- 3 |  4- 6 || total
---------------------------+-------+-------++-------
  Melee: Flail             |    48 |   113 ||   161
         Mace              |    42 |    64 ||   106
    Use: Scroll            |     8 |     8 ||    16
         Potion            |     1 |     1 ||     2
 Armour: Scale mail        |    54 |   120 ||   174
  Dodge: Dodged            |    48 |    99 ||   147
  Block: Buckler           |    23 |    41 ||    64

Table legend: (Time is in decaauts)
 A = Elapsed time spent in this place.
 B = Non-inter-level travel time spent in this place.
 C = Inter-level travel time spent in this place.
 D = Time resting spent in this place.
 E = Time spent auto-exploring this place.
 F = Levels seen in this place.
 G = Mean time per level.
                   A        B        C        D        E       F      G
               +--------+--------+--------+--------+--------+-----+--------+
         Total |   4209 |   3962 |    247 |    133 |   3145 |   6 |  701.5 |
       Dungeon |   4045 |   3823 |    222 |    133 |   3018 |   5 |  809.0 |
        Temple |    164 |    139 |     25 |      0 |    127 |   1 |  164.0 |
               +--------+--------+--------+--------+--------+-----+--------+

Top non-repeatable levels by time:
     D:2: 1308 daAuts
     D:4: 1285 daAuts
     D:1: 852 daAuts
     D:3: 497 daAuts
  Temple: 164 daAuts
     D:5: 100 daAuts
